 Dungeon Crawl Stone Soup version 0.30-a0-728-gc68057be0a (webtiles) character file.

Game seed: 8970758752101409973

2153 NinjaNoafa the Cleaver (level 9, -4/106 HPs)
             Began as a Hill Orc Fighter on Jan 30, 2023.
             Was an Initiate of Hepliaklqana.
             Slain by a vampire
             ... wielding a +0 vampiric halberd
              (14 damage)
             ... in a bailey.
             The game lasted 00:11:47 (7699 turns).

NinjaNoafa the Cleaver (Hill Orc Fighter)           Turns: 7699, Time: 00:11:48

Health: -4/106     AC: 24    Str: 19    XL:     9   Next: 31%
Magic:  18/18      EV:  2    Int:  8    God:    Hepliaklqana [......]
Gold:   436        SH:  5    Dex: 14    Spells: 8/8 levels left

rFire   . . .      SeeInvis .    a - +0 war axe
rCold   . . .      Faith    .    c - +0 buckler
rNeg    . . .      Spirit   .    (body armour currently unavailable)
rPois   +          Reflect  .    (helmet currently unavailable)
rElec   .          Harm     .    (cloak currently unavailable)
rCorr   .          Rampage  .    (gloves currently unavailable)
Will    +....      NoTele   +    (boots currently unavailable)
Stlth   +                        (no amulet)
HPRegen 0.37/turn                s - ring of magical power
MPRegen 0.16/turn                y - ring of willpower

@: tree-form
A: stationary, stasis, torment immunity, boosted hp
a: Renounce Religion


You were in a bailey.
You worshipped Hepliaklqana.
Hepliaklqana was noncommittal.
You were a tree.
You visited 2 branches of the dungeon, and saw 9 of its levels.
You also visited: Bailey.

You collected 436 gold pieces.

Inventory:

Hand Weapons
 a - a +0 war axe (weapon)
Missiles
 A - 2 boomerangs (quivered)
 B - 4 poisoned darts
Armour
 c - a +0 buckler (worn)
 r - a +0 chain mail (melded)
 D - a +1 pair of boots (melded)
Jewellery
 s - a ring of magical power (left branch)
 y - a ring of willpower (right branch)
Wands
 m - a wand of flame (22)
Scrolls
 b - a scroll of amnesia
 i - a scroll of torment {unknown}
 l - a scroll of fog {unknown}
 o - a scroll of blinking {unknown}
 p - 3 scrolls of magic mapping {unknown}
 q - a scroll of enchant weapon {unknown}
 t - 5 scrolls of teleportation {unknown}
 v - 2 scrolls of poison {unknown}
 x - a scroll of brand weapon {unknown}
 C - 2 scrolls of vulnerability {unknown}
Potions
 d - a potion of might
 e - 2 potions of lignification
 j - 3 potions of attraction
 k - a potion of berserk rage {unknown}
 n - 2 potions of cancellation
 u - 3 potions of brilliance
 w - 2 potions of haste {unknown}
 z - 2 potions of resistance {unknown}
 E - a potion of invisibility {unknown}
 F - a potion of ambrosia {unknown}


   Skills:
 + Level 3.9 Fighting
 - Level 14.6 Axes
 - Level 2.0 Throwing
 + Level 3.5 Armour
 + Level 3.5 Shields
 - Level 2.0 Evocations


You had 8 spell levels left.
You didn't know any spells.
Your spell library contained the following spells:

 Spells                   Type           Power      Damage    Failure   Level
 Ignite Poison            Fire/Tmut/Pois 0%         N/A       86%         3
 Vhi's Electric Charge    Tloc/Air       0%         N/A       86%         3
 Cause Fear               Hex            0%         N/A       99%         4
 Sticky Flame             Conj/Fire      0%         2d3       99%         4
 Arcjolt                  Conj/Air       0%         1d10      100%        5
 Dragon Form              Tmut           0%         N/A       100%        7
 Ignition                 Fire           0%         3d3       100%        8
 Maxwell's Capacitive Co  Air            0%         ∞         100%        8
 Dragon's Call            Summ           0%         N/A       100%        9


Dungeon Overview and Level Annotations

Branches:
Dungeon (8/15)             Temple (1/1) D:7          Bailey (1/1)
   Lair: D:8-11

Altars:
Cheibriados
Dithmenos
Gozag
Hepliaklqana
Makhleb
Nemelex Xobeh
Qazlal
Ru
Sif Muna
Trog
Vehumet
Wu Jian
Xom
The Shining One


Message History

You hit something but do no damage. Something hits you.
* * * LOW HITPOINT WARNING * * *
You block something's attack.
Okay, then.
You feel better. Something hits you but does no damage.
Something bites you but does no damage.
You closely miss something. You hit something but do no damage.
Something completely misses you. Something bites you but does no damage.
You barely miss something. Something hits you but does no damage.
Something bites you!
* * * LOW HITPOINT WARNING * * *
Something draws strength from your injuries!
You closely miss something.
You hear some strange, mumbled words.
Something tries to affect you, but you resist.
You feel better. Something hits you!
* * * LOW HITPOINT WARNING * * *
Something bites you!
* * * LOW HITPOINT WARNING * * *
Something draws strength from your injuries!
Okay, then.
Okay, then.
You closely miss something. You miss something. Something hits you.
* * * LOW HITPOINT WARNING * * *
Something bites you!
* * * LOW HITPOINT WARNING * * *
Something draws strength from your injuries!
You feel better. Something hits you!
* * * LOW HITPOINT WARNING * * *
You block something's attack.
You feel better. Something hits you!
* * * LOW HITPOINT WARNING * * *
Something bites you but does no damage.
You feel better. Something hits you but does no damage.
Something bites you but does no damage.
Okay, then.
You barely miss something. Something hits you!
You die...

#8. ..# #.. ..#
#..# #..##########
#...##.V.#8......8#
#...V..##....)...#
#....##...#######
###''##...##....8#
#.....{♣.)#......#
#8.........).....#
#########.)..#...#
#8.....##..##...+
#.......####....+
#........#...####
#####...........#
#[÷.#.♣♣...♣....#
#÷÷.#.......♣...#


There were no monsters in sight!

Vanquished Creatures
  A gargoyle (Bailey)
  A water moccasin (D:7)
  An orc warrior (D:8)
  A black bear (D:5)
  2 ogres
  A centaur (D:6)
  A phantom (D:6)
  A gnoll sergeant (D:5)
  3 bullfrogs (D:6)
  3 necrophages
  2 scorpions
  2 jellies (D:5)
  2 gnoll boudas
  3 hounds
  An orc priest (D:7)
  Jessica (D:3)
  2 iguanas (D:5)
  2 orc wizards (D:7)
  A hound skeleton (D:7)
  9 gnolls
  9 adders
  3 shadow imps
  A white imp (D:7)
  An ufetubus (D:5)
  A worm (D:2)
  3 dart slugs
  15 orcs
  9 ball pythons
  5 endoplasms
  5 giant cockroaches
  9 hobgoblins
  5 kobolds
  3 quokkas
  4 bats (D:2)
  11 goblins
  11 orc zombies (Bailey)
  5 rats
140 creatures vanquished.

Vanquished Creatures (others)
  A plant (D:5)
1 creature vanquished.

Grand Total: 141 creatures vanquished

Notes
Turn   | Place    | Note
-------+----------+-------------------------------------------
     0 | D:1      | NinjaNoafa the Hill Orc Fighter began the quest for the
                  | Orb.
     0 | D:1      | Reached XP level 1. HP: 19/19 MP: 1/1
    49 | D:1      | Reached skill level 3 in Axes
    93 | D:1      | Reached XP level 2. HP: 23/26 MP: 2/2
   219 | D:1      | Reached skill level 4 in Axes
   901 | D:2      | Reached XP level 3. HP: 31/31 MP: 3/3
  1210 | D:2      | Reached skill level 5 in Axes
  1684 | D:3      | Reached XP level 4. HP: 39/39 MP: 4/4
  1777 | D:3      | Reached skill level 6 in Axes
  2205 | D:3      | Noticed Jessica
  2210 | D:3      | Killed Jessica
  2211 | D:3      | Reached XP level 5. HP: 44/45 MP: 5/5
  2382 | D:4      | Identified the +0 leather armour of the Onion {rN+ Will+
                  | Regen+}
  2471 | D:4      | Reached skill level 7 in Axes
  3493 | D:5      | Entered Level 5 of the Dungeon
  3551 | D:5      | Reached skill level 8 in Axes
  3551 | D:5      | Reached XP level 6. HP: 29/51 MP: 6/6
  3911 | D:5      | Noticed a black bear
  3916 | D:5      | Killed a black bear
  3917 | D:5      | Reached skill level 9 in Axes
  3978 | D:5      | Found an opulent altar of Gozag.
  4111 | D:5      | Reached XP level 7. HP: 57/57 MP: 7/7
  4126 | D:5      | Reached skill level 10 in Axes
  4400 | D:5      | Found a shadowy altar of Dithmenos.
  4400 | D:5      | Found a shimmering blue altar of Sif Muna.
  4407 | D:5      | Found a faded altar of an unknown god.
  4409 | D:5      | Found a faded altar of an unknown god.
  4410 | D:5      | Found a snail-covered altar of Cheibriados.
  4800 | D:6      | Reached skill level 11 in Axes
  4921 | D:6      | Reached XP level 8. HP: 57/64 MP: 8/8
  5122 | D:6      | Reached skill level 12 in Axes
  6015 | D:5      | Reached skill level 13 in Axes
  6187 | D:7      | Found a shimmering altar of Xom.
  6531 | D:7      | Found a burning altar of Makhleb.
  6587 | D:7      | Found a staircase to the Ecumenical Temple.
  6592 | D:7      | Reached skill level 14 in Axes
  6628 | Temple   | Entered the Ecumenical Temple
  6628 | Temple   | Found a transporter.
  6628 | Temple   | Found a transporter.
  6637 | Temple   | Found a transporter.
  6637 | Temple   | Found a transporter.
  6790 | D:7      | Found a hazy altar of Hepliaklqana.
  6883 | D:7      | Reached XP level 9. HP: 53/70 MP: 9/9
  7080 | D:7      | Became a worshipper of Hepliaklqana the Forgotten
  7148 | D:8      | Reached skill level 1 in Throwing
  7148 | D:8      | Reached skill level 1 in Evocations
  7238 | D:8      | Found a flagged portal.
  7257 | Bailey   | Entered a bailey
  7339 | Bailey   | Identified the +3 leather armour of the Dwarven Hall {rF+
                  | Dex+2}
  7487 | Bailey   | Noticed a gargoyle
  7500 | Bailey   | Killed a gargoyle
  7695 | Bailey   | HP: 4/106 [something (9)]
  7697 | Bailey   | HP: 1/106 [something (15)]
  7699 | Bailey   | Slain by a vampire

Illustrated notes

Levels and vault maps discovered:
D:1:      nicolae_arrival_memento_mori, layout_basic
D:2:      minmay_diamond_boxcup, layout_basic, nicolae_eternal_life,
          minmay_misc_feat_roman, grunt_ministairs_10
D:3:      layout_rooms, uniq_jessica
D:4:      layout_layer_cave
D:5:      layout_basic, chequers_temple_overflow_minitemple,
          kennysheep_mini_moat, serial_bayou, serial_bayou_shore_b,
          serial_bayou_lagoon_a, serial_bayou_crossing, serial_bayou_pond_e
D:6:      layout_cave_pods
D:7:      layout_loops_ring, mainiacjoe_overflow_six_doors_small,
          makhleb_blood_cavern_becter, xom_teletrap_fun,
          minmay_temple_entry_mini_moons
D:8:      layout_loops_cross, lemuel_crystal_altar, fedhas_altar_decomposition,
          enter_bailey_4, small_statue_intersection
Temple:   hellmonk_temple_divided_pantheon
Bailey:   bailey_polearm_vampire_castle_hellmonk, bailey

Skill      XL: |  1  2  3  4  5  6  7  8  9 |
---------------+----------------------------+-----
Axes           | 3 4 5 6 8 9 11 14 | 14.6
Throwing       | 2 |  2.0
Evocations     | 2 |  2.0
Fighting       | |  3.9
Armour         | |  3.5
Shields        | |  3.5

Action                     |  1- 3 |  4- 6 |  7- 9 || total
---------------------------+-------+-------+-------++-------
  Melee: War axe           |   111 |   133 |   255 ||   499
  Throw: Dart              |       |       |     1 ||     1
    Use: Potion            |       |     1 |     7 ||     8
         Scroll            |       |       |     8 ||     8
 Armour: Scale mail        |    60 |    12 |       ||    72
         Chain mail        |       |    42 |   124 ||   166
         Skin              |       |       |    15 ||    15
  Dodge: Dodged            |    50 |    61 |   105 ||   216
  Block: Buckler           |    32 |    32 |    57 ||   121

Table legend: (Time is in decaauts)
 A = Elapsed time spent in this place.
 B = Non-inter-level travel time spent in this place.
 C = Inter-level travel time spent in this place.
 D = Time resting spent in this place.
 E = Time spent auto-exploring this place.
 F = Levels seen in this place.
 G = Mean time per level.
                   A        B        C        D        E       F      G
               +--------+--------+--------+--------+--------+-----+--------+
         Total |   7754 |   7305 |    449 |     42 |   5884 |  10 |  775.4 |
       Dungeon |   7235 |   6802 |    433 |     42 |   5542 |   8 |  904.4 |
        Temple |     88 |     72 |     16 |      0 |     12 |   1 |   88.0 |
        Bailey |    430 |    430 |      0 |      0 |    330 |   1 |  430.0 |
               +--------+--------+--------+--------+--------+-----+--------+

Top non-repeatable levels by time:
     D:4: 1330 daAuts
     D:5: 1314 daAuts
     D:6: 1198 daAuts
     D:7: 949 daAuts
     D:2: 879 daAuts
     D:1: 766 daAuts
     D:3: 632 daAuts
  Bailey: 430 daAuts
     D:8: 163 daAuts
  Temple: 88 daAuts
